 Dungeon Crawl Stone Soup version 0.29-a0-559-g359e09b9d1 (webtiles) character file.

Game seed: 852753968913305918

10 bladeefan the Ruffian (level 2, -2/29 HPs)
             Began as a Troll Monk on June 9, 2022.
             Slain by Sigmund
             ... wielding a +0 scythe
              (9 damage)
             ... on level 2 of the Dungeon.
             The game lasted 00:01:33 (779 turns).

bladeefan the Ruffian (Troll Monk)                   Turns: 779, Time: 00:01:33

Health: -2/29      AC:  4    Str: 18    XL:     2   Next: 10%
Magic:  1/1        EV: 10    Int:  6    God:
Gold:   56         SH:  0    Dex: 12    Spells: 1/1 levels left

rFire   . . .      SeeInvis .     - Unarmed
rCold   . . .      Faith    .   (no shield)
rNeg    . . .      Spirit   .   a - +0 robe
rPois   .          Reflect  .   (helmet restricted)
rElec   .          Harm     .   (no cloak)
rCorr   .          Rampage  .   (gloves unavailable)
Will    .....                   (boots unavailable)
Stlth   +.........              (no amulet)
HPRegen 0.89/turn               (no ring)
MPRegen 0.07/turn               (no ring)

@: confused
A: large, unfitting armour, claws 3, regeneration 1, shaggy fur 1, tough skin 1
a: no special abilities


You were on level 2 of the Dungeon.
You visited 1 branch of the dungeon, and saw 2 of its levels.

You collected 56 gold pieces.

Inventory:

Armour
 a - a +0 robe (worn)
Scrolls
 e - a scroll of teleportation {@r4}
Potions
 b - a potion of ambrosia


   Skills:
 + Level 2.6 Fighting
 - Level 2.4 Dodging
 - Level 1.0 Stealth
 * Level 3.4 Unarmed Combat


You had one spell level left.
You didn't know any spells.
Your spell library contained the following spells:

 Spells                   Type           Power      Damage    Failure   Level
 Foxfire                  Conj/Fire      0%         2x1d4     45%         1
 Conjure Flame            Conj/Fire      0%         6-21      83%         3
 Inner Flame              Hex/Fire       0%         N/A       83%         3
 Flame Wave               Conj/Fire      0%         2d4       99%         4


Dungeon Overview and Level Annotations

Branches:
Dungeon (2/15)

Altars:

Annotations:
D:2 Sigmund


Innate Abilities, Weirdness & Mutations

You are too large for most types of armour.
You have claws for hands.
Your natural rate of healing is unusually fast.
You are covered in fur. (AC +1)
You have tough skin. (AC +1)


Message History

Found a stone staircase leading down.
Found a book of Flames.
Found 9 gold pieces.
You now have 56 gold pieces (gained 9).
You pick up a book of Flames and begin reading...
You add the spells Foxfire, Conjure Flame, Inner Flame and Flame Wave to your library.
You open the door.
Sigmund the Dreaded comes into view.
He is wielding a +0 scythe.
Sigmund shouts!
Sigmund screams, "Don't try to resist!"
Sigmund gestures wildly while chanting.
Sigmund flickers and vanishes!
Deactivating autopickup; reactivate with Ctrl-A.
There is an open door here.
No target in view!
No target in view!
No target in view!
No target in view!
No target in view!
No target in view!
No target in view!
No target in view!
A magic dart appears from out of thin air!
The magic dart hits you.
A magic dart appears from out of thin air!
The magic dart hits you. Something hits you.
You closely miss something. You scratch something but do no damage.
Something hits you!
* * * LOW HITPOINT WARNING * * *
You claw something! Something hits you.
* * * LOW HITPOINT WARNING * * *
You scratch something.
Unknown command.
You scratch something. Something hits you.
* * * LOW HITPOINT WARNING * * *
You closely miss something.
Unknown command.
You miss something.
You hear some strange, mumbled words.
You are confused.
You bump into the rock wall.
Something hits you.
* * * LOW HITPOINT WARNING * * *
You bump into the rock wall.
Something hits you!
You die...

........# ........#####
...>........#
#######.###.####### ##
#####.##........# #.
#.....##........# #< #
#.######......(.# #.
#.#.....##...†....#####.
#.....#@##...†....'.....
####.##{##........#####.
#.#...#........# #.
#.#...########## #.
#.#...# ## #.#...#
#.##.## #.##+# #.#


There were no monsters in sight!

Vanquished Creatures
  2 endoplasms (D:1)
  A hobgoblin (D:1)
  A kobold (D:1)
  2 ball pythons (D:1)
  3 bats
  A rat (D:2)
10 creatures vanquished.

Notes
Turn   | Place    | Note
-------+----------+-------------------------------------------
     0 | D:1      | bladeefan the Troll Monk began the quest for the Orb.
     0 | D:1      | Reached XP level 1. HP: 22/22 MP: 0/0
     2 | D:1      | Noticed an octopode
     4 | D:1      | Noticed a gargoyle
     4 | D:1      | Noticed a vampire
     6 | D:1      | Noticed a formicid
     8 | D:1      | Noticed a draconian
    10 | D:1      | Noticed a dwarf
    12 | D:1      | Noticed a human
    12 | D:1      | Noticed a troll
    14 | D:1      | Noticed a spriggan
    14 | D:1      | Noticed an elf
    16 | D:1      | Noticed a tengu
    18 | D:1      | Noticed a merfolk
    18 | D:1      | Noticed a vine stalker
    20 | D:1      | Noticed a demonspawn
    20 | D:1      | Noticed a felid
    22 | D:1      | Noticed a naga
    22 | D:1      | Noticed an ogre
    24 | D:1      | Noticed a ghoul
    24 | D:1      | Noticed a demigod
    26 | D:1      | Noticed a minotaur
    77 | D:1      | Found a faded altar of an unknown god.
   582 | D:1      | Reached XP level 2. HP: 29/29 MP: 1/1
   762 | D:2      | Noticed Sigmund
   779 | D:2      | Slain by Sigmund

Illustrated notes

Levels and vault maps discovered:
D:1:      kb_arrival_jail, layout_loops_corners,
          ebering_ecumenical_altar_petrified
D:2:      layout_basic, uniq_sigmund, uniq_natasha

Action                   || total
-------------------------++-------
Melee: Unarmed           ||    22
  Use: Scroll            ||     2
 Stab: Sleeping          ||     1
Armor: Robe              ||     7
Dodge: Dodged            ||     7

Table legend: (Time is in decaauts)
 A = Elapsed time spent in this place.
 B = Non-inter-level travel time spent in this place.
 C = Inter-level travel time spent in this place.
 D = Time resting spent in this place.
 E = Time spent auto-exploring this place.
 F = Levels seen in this place.
 G = Mean time per level.
                   A        B        C        D        E       F      G
               +--------+--------+--------+--------+--------+-----+--------+
         Total |    777 |    765 |     12 |      0 |    669 |   2 |  388.5 |
       Dungeon |    777 |    765 |     12 |      0 |    669 |   2 |  388.5 |
               +--------+--------+--------+--------+--------+-----+--------+

Top non-repeatable levels by time:
     D:1: 709 daAuts
     D:2: 67 daAuts
